[ AOE2 MATCH · #463315560 ]
Team RMMagyars vs Magyars
[ REPLAY ANALYSIS · EXTRACTED FROM THE RECORDED GAME ]
Feudal
9:48
Castle
24:07
Imperial
—
| APM avg | 44.4 |
| APM peak | 76 |
| eAPM avg | 23.7 |
| Villagers / military | 96 / 47 |
Focus
⚔️ 29.1% · 🌾 70.9%
Spearman ×30 · Scout Cavalry ×9 · Knight ×8
Feudal
10:37
Castle
21:56
Imperial
—
| APM avg | 16.3 |
| APM peak | 35 |
| eAPM avg | 9.1 |
| Villagers / military | 72 / 60 |
Focus
⚔️ 29.6% · 🌾 70.4%
Ghulam ×35 · Camel Scout ×12 · Scout Cavalry ×9 · Spearman ×4
Feudal
9:54
Castle
24:56
Imperial
—
| APM avg | 43.6 |
| APM peak | 98 |
| eAPM avg | 21.8 |
| Villagers / military | 112 / 60 |
Focus
⚔️ 34.4% · 🌾 65.6%
Archer ×43 · Spearman ×17
Feudal
9:34
Castle
23:59
Imperial
—
| APM avg | 41.6 |
| APM peak | 110 |
| eAPM avg | 19.2 |
| Villagers / military | 62 / 21 |
Focus
⚔️ 35.5% · 🌾 64.5%
Knight ×11 · Scout Cavalry ×10
Match map
Initial resources + every placement click. Lines = walls · curves = elevation contours. ◆ gold · ⬟ stone · ● berries · ✦ relic · ◌ wall gap
Your base· ✓ Closed at 24:07 · 46t walls · 5 gate(s)
BigBadBearD's base· Open — 5t gap
BoomT | Gold Thunder's base· ✓ Closed at 24:56 · 47t walls · 6 gate(s)
Terörle Mücadele's base· ✓ Closed at 23:59 · 15t walls · 1 gate(s)
Smoothed initial terrain · ◌ = detected wall gap · hover for details
Inputs per minute
— BoomT | El KunTa ARG - - BigBadBearD
Build order — BoomT | El KunTa ARG
First 150 of 269 actions detected
| 0:00 | Create | Villager (Male) |
| 0:00 | Create | Villager (Male) |
| 0:00 | Create | Villager (Male) |
| 0:01 | Create | Villager (Male) |
| 0:02 | Build | House |
| 0:04 | Build | House |
| 1:29 | Create | Villager (Male) |
| 1:30 | Create | Villager (Male) |
| 1:30 | Create | Villager (Male) |
| 1:58 | Build | Lumber Camp |
| 2:02 | Create | Villager (Male) |
| 2:20 | Create | Villager (Male) |
| 2:21 | Create | Villager (Male) |
| 2:21 | Create | Villager (Male) |
| 2:49 | Create | Villager (Male) |
| 2:49 | Create | Villager (Male) |
| 2:49 | Create | Villager (Male) |
| 3:11 | Create | Villager (Male) |
| 3:11 | Create | Villager (Male) |
| 3:11 | Create | Villager (Male) |
| 3:40 | Create | Villager (Male) |
| 3:40 | Create | Villager (Male) |
| 3:50 | Build | Mill |
| 4:03 | Create | Villager (Male) |
| 4:28 | Create | Villager (Male) |
| 4:28 | Create | Villager (Male) |
| 4:40 | Research | Loom |
| 4:44 | Build | House |
| 4:46 | Build | House |
| 4:51 | Create | Villager (Male) |
| 4:51 | Create | Villager (Male) |
| 4:52 | Create | Villager (Male) |
| 5:37 | Create | Villager (Male) |
| 5:49 | Create | Villager (Male) |
| 5:49 | Create | Villager (Male) |
| 7:09 | Create | Villager (Male) |
| 7:28 | Research | Feudal Age |
| 7:39 | Create | Villager (Male) |
| 8:24 | Build | Barracks |
| 8:52 | Build | House |
| 9:48 | Age | Feudal Age |
| 9:51 | Build | Stable |
| 9:52 | Create | Villager (Male) |
| 9:54 | Research | Double-Bit Axe |
| 9:54 | Research | Double-Bit Axe |
| 9:54 | Research | Double-Bit Axe |
| 9:55 | Research | Horse Collar |
| 9:55 | Research | Horse Collar |
| 10:16 | Create | Villager (Male) |
| 10:35 | Build | Farm |
| 10:36 | Build | Farm |
| 10:42 | Create | Villager (Male) |
| 10:46 | Build | House |
| 10:50 | Build | Farm |
| 10:52 | Build | Farm |
| 10:54 | Create | Scout Cavalry |
| 11:11 | Create | Villager (Male) |
| 11:15 | Build | Farm |
| 11:16 | Build | Farm |
| 11:20 | Create | Villager (Male) |
| 11:29 | Build | Palisade Wall |
| 11:31 | Build | Palisade Wall |
| 11:33 | Create | Villager (Male) |
| 11:36 | Build | Farm |
| 11:37 | Create | Villager (Male) |
| 11:39 | Create | Scout Cavalry |
| 11:51 | Build | Palisade Gate |
| 11:55 | Build | House |
| 11:57 | Build | Palisade Wall |
| 11:59 | Create | Villager (Male) |
| 12:05 | Create | Scout Cavalry |
| 12:21 | Build | Palisade Wall |
| 12:30 | Build | Palisade Gate |
| 12:45 | Create | Villager (Male) |
| 12:56 | Build | Lumber Camp |
| 13:07 | Create | Scout Cavalry |
| 13:21 | Build | Palisade Wall |
| 13:24 | Build | Palisade Wall |
| 13:27 | Build | Palisade Wall |
| 13:30 | Create | Scout Cavalry |
| 13:31 | Create | Villager (Male) |
| 13:36 | Build | Farm |
| 13:47 | Build | House |
| 13:49 | Build | Palisade Wall |
| 13:56 | Create | Villager (Male) |
| 14:03 | Build | Farm |
| 14:11 | Create | Scout Cavalry |
| 14:13 | Create | Villager (Male) |
| 14:16 | Build | Farm |
| 14:24 | Build | House |
| 14:28 | Create | Villager (Male) |
| 14:31 | Build | Farm |
| 14:47 | Create | Villager (Male) |
| 14:57 | Build | Farm |
| 15:01 | Create | Villager (Male) |
| 15:09 | Build | House |
| 15:10 | Create | Villager (Male) |
| 15:19 | Build | Farm |
| 15:21 | Build | Farm |
| 15:31 | Create | Scout Cavalry |
| 15:40 | Build | Blacksmith |
| 15:55 | Build | Farm |
| 16:02 | Build | Farm |
| 16:08 | Build | Farm |
| 16:24 | Build | Mining Camp |
| 16:30 | Create | Villager (Male) |
| 16:35 | Research | Scale Barding Armor |
| 16:35 | Research | Scale Barding Armor |
| 16:37 | Build | Farm |
| 16:57 | Create | Villager (Male) |
| 17:02 | Build | Farm |
| 17:25 | Create | Villager (Male) |
| 17:30 | Build | Farm |
| 17:58 | Build | Farm |
| 17:59 | Create | Villager (Male) |
| 18:27 | Create | Villager (Male) |
| 18:33 | Build | Market |
| 18:37 | Build | Farm |
| 18:37 | Build | Farm |
| 18:42 | Create | Villager (Male) |
| 19:15 | Create | Villager (Male) |
| 19:54 | Create | Villager (Male) |
| 20:06 | Create | Villager (Male) |
| 20:11 | Build | House |
| 20:13 | Build | Palisade Gate |
| 20:16 | Build | House |
| 20:25 | Build | House |
| 20:34 | Build | Palisade Gate |
| 20:38 | Build | Palisade Gate |
| 20:48 | Create | Villager (Male) |
| 20:49 | Create | Villager (Male) |
| 20:55 | Research | Bloodlines |
| 21:09 | Create | Scout Cavalry |
| 21:27 | Research | Castle Age |
| 21:27 | Research | Castle Age |
| 21:38 | Build | House |
| 21:50 | Create | Scout Cavalry |
| 22:23 | Build | Stable |
| 22:40 | Research | Gold Mining |
| 22:47 | Build | House |
| 23:36 | Build | Farm |
| 23:38 | Build | Farm |
| 24:07 | Age | Castle Age |
| 24:10 | Research | Chain Barding Armor |
| 24:10 | Research | Chain Barding Armor |
| 24:11 | Create | Knight |
| 24:11 | Create | Knight |
| 24:11 | Create | Knight |
| 24:12 | Create | Knight |
| 24:21 | Build | Town Center |
Build order — BigBadBearD
148 actions detected in the replay
| 0:01 | Create | Villager (Male) |
| 0:02 | Build | House |
| 0:04 | Build | House |
| 0:21 | Create | Villager (Male) |
| 0:22 | Create | Villager (Male) |
| 0:22 | Create | Villager (Male) |
| 0:22 | Create | Villager (Male) |
| 1:22 | Create | Villager (Male) |
| 1:45 | Build | Lumber Camp |
| 1:47 | Create | Villager (Male) |
| 1:47 | Create | Villager (Male) |
| 2:09 | Create | Villager (Male) |
| 2:23 | Create | Villager (Male) |
| 2:23 | Create | Villager (Male) |
| 2:59 | Create | Villager (Male) |
| 3:07 | Build | House |
| 3:08 | Build | House |
| 3:26 | Create | Villager (Male) |
| 3:26 | Create | Villager (Male) |
| 3:50 | Create | Villager (Male) |
| 3:51 | Create | Villager (Male) |
| 4:03 | Create | Villager (Male) |
| 4:04 | Create | Villager (Male) |
| 4:44 | Create | Villager (Male) |
| 4:45 | Create | Villager (Male) |
| 5:09 | Create | Villager (Male) |
| 5:14 | Create | Villager (Male) |
| 5:14 | Create | Villager (Male) |
| 5:59 | Create | Villager (Male) |
| 6:32 | Research | Loom |
| 6:59 | Build | Barracks |
| 7:11 | Create | Villager (Male) |
| 7:12 | Create | Villager (Male) |
| 7:35 | Build | Mill |
| 8:27 | Research | Feudal Age |
| 8:27 | Research | Feudal Age |
| 8:58 | Build | Farm |
| 8:58 | Build | Farm |
| 8:58 | Build | Farm |
| 9:00 | Build | Farm |
| 9:31 | Build | Farm |
| 10:01 | Build | Palisade Wall |
| 10:03 | Build | Palisade Gate |
| 10:09 | Build | Palisade Wall |
| 10:37 | Age | Feudal Age |
| 10:40 | Build | Stable |
| 11:08 | Create | Villager (Male) |
| 11:08 | Create | Villager (Male) |
| 11:29 | Create | Scout Cavalry |
| 11:37 | Build | Stable |
| 11:51 | Build | House |
| 11:59 | Create | Scout Cavalry |
| 12:20 | Create | Scout Cavalry |
| 12:26 | Build | House |
| 12:29 | Create | Villager (Male) |
| 12:30 | Create | Villager (Male) |
| 12:30 | Create | Villager (Male) |
| 12:38 | Create | Scout Cavalry |
| 12:39 | Create | Scout Cavalry |
| 13:12 | Build | Mining Camp |
| 13:13 | Create | Villager (Male) |
| 13:14 | Create | Villager (Male) |
| 13:19 | Create | Scout Cavalry |
| 13:20 | Create | Scout Cavalry |
| 13:25 | Create | Spearman |
| 13:25 | Create | Spearman |
| 13:32 | Build | House |
| 13:34 | Build | House |
| 14:12 | Create | Scout Cavalry |
| 14:13 | Create | Scout Cavalry |
| 14:17 | Create | Villager (Male) |
| 14:36 | Build | Farm |
| 15:04 | Research | Bloodlines |
| 15:15 | Build | Farm |
| 15:15 | Build | Farm |
| 15:15 | Build | Farm |
| 15:16 | Build | Farm |
| 15:16 | Build | Farm |
| 15:17 | Build | Farm |
| 15:17 | Build | Farm |
| 15:17 | Build | Farm |
| 15:42 | Create | Spearman |
| 15:42 | Create | Spearman |
| 15:51 | Build | House |
| 15:59 | Create | Villager (Male) |
| 16:00 | Create | Villager (Male) |
| 16:00 | Create | Villager (Male) |
| 16:58 | Create | Villager (Male) |
| 16:58 | Create | Villager (Male) |
| 17:01 | Build | Market |
| 17:59 | Build | House |
| 18:32 | Build | House |
| 19:16 | Research | Castle Age |
| 20:19 | Build | Lumber Camp |
| 21:56 | Age | Castle Age |
| 21:59 | Build | Town Center |
| 22:09 | Build | Town Center |
| 22:12 | Create | Villager (Male) |
| 22:12 | Create | Villager (Male) |
| 22:13 | Create | Villager (Male) |
| 22:31 | Build | House |
| 23:11 | Build | Mining Camp |
| 23:14 | Create | Camel Scout |
| 23:14 | Create | Camel Scout |
| 23:15 | Create | Camel Scout |
| 23:32 | Build | Farm |
| 23:38 | Build | Lumber Camp |
| 24:23 | Research | Double-Bit Axe |
| 24:25 | Research | Horse Collar |
| 24:29 | Research | Stone Mining |
| 24:33 | Create | Villager (Male) ×5 |
| 24:34 | Create | Villager (Male) ×5 |
| 24:34 | Create | Villager (Male) ×5 |
| 24:53 | Create | Camel Scout |
| 24:53 | Create | Camel Scout |
| 25:09 | Create | Camel Scout |
| 25:26 | Build | Farm |
| 25:26 | Build | Farm |
| 25:26 | Build | Farm |
| 25:27 | Build | Farm |
| 25:27 | Build | Farm |
| 25:27 | Build | Farm |
| 25:55 | Build | House |
| 26:06 | Create | Villager (Male) ×5 |
| 26:07 | Create | Villager (Male) ×5 |
| 27:03 | Build | Farm |
| 27:06 | Create | Camel Scout |
| 27:07 | Create | Camel Scout |
| 27:07 | Create | Camel Scout |
| 27:07 | Create | Camel Scout |
| 29:10 | Build | Castle |
| 29:45 | Research | Squires |
| 30:05 | Create | Ghulam ×5 |
| 30:06 | Create | Ghulam ×5 |
| 30:06 | Create | Ghulam ×5 |
| 30:06 | Create | Ghulam ×5 |
| 30:06 | Create | Ghulam ×5 |
| 30:12 | Research | Wheelbarrow |
| 31:57 | Research | Hand Cart |
| 32:50 | Create | Ghulam ×5 |
| 32:50 | Create | Ghulam ×5 |
| 32:59 | Create | Villager (Male) |
| 32:59 | Create | Villager (Male) |
| 33:02 | Create | Villager (Male) |
| 33:02 | Create | Villager (Male) |
| 33:02 | Create | Villager (Male) |
| 34:10 | Create | Camel Scout |
| 34:10 | Create | Camel Scout |
Build order — BoomT | Gold Thunder
First 150 of 297 actions detected
| 0:00 | Create | Villager (Male) |
| 0:01 | Create | Villager (Male) |
| 0:01 | Create | Villager (Male) |
| 0:01 | Create | Villager (Male) |
| 0:02 | Build | House |
| 0:04 | Build | House |
| 1:27 | Create | Villager (Male) |
| 1:27 | Create | Villager (Male) |
| 1:50 | Build | Lumber Camp |
| 2:05 | Create | Villager (Male) |
| 2:06 | Create | Villager (Male) |
| 2:26 | Create | Villager (Male) |
| 2:26 | Create | Villager (Male) |
| 2:55 | Create | Villager (Male) |
| 2:55 | Create | Villager (Male) |
| 3:01 | Create | Villager (Male) |
| 3:01 | Create | Villager (Male) |
| 3:06 | Build | House |
| 3:08 | Build | House |
| 3:44 | Create | Villager (Male) |
| 3:45 | Create | Villager (Male) |
| 4:11 | Build | Mill |
| 4:24 | Create | Villager (Male) |
| 4:24 | Create | Villager (Male) |
| 4:38 | Create | Villager (Male) |
| 4:38 | Create | Villager (Male) |
| 5:00 | Create | Villager (Male) |
| 5:01 | Create | Villager (Male) |
| 5:01 | Create | Villager (Male) |
| 5:11 | Create | Villager (Male) |
| 5:12 | Create | Villager (Male) |
| 5:56 | Create | Villager (Male) |
| 5:56 | Create | Villager (Male) |
| 6:35 | Create | Villager (Male) |
| 6:37 | Create | Villager (Male) |
| 7:04 | Research | Loom |
| 7:20 | Build | Barracks |
| 7:44 | Research | Feudal Age |
| 8:08 | Build | Mining Camp |
| 8:20 | Build | House |
| 8:32 | Create | Villager (Male) |
| 9:54 | Age | Feudal Age |
| 10:02 | Build | Archery Range |
| 10:06 | Research | Double-Bit Axe |
| 10:13 | Build | Blacksmith |
| 10:20 | Create | Villager (Male) |
| 10:21 | Create | Villager (Male) |
| 10:27 | Build | House |
| 10:39 | Build | Palisade Gate |
| 10:43 | Create | Villager (Male) |
| 10:49 | Create | Spearman |
| 10:58 | Build | Palisade Wall |
| 11:00 | Create | Archer |
| 11:14 | Create | Villager (Male) |
| 11:20 | Create | Spearman |
| 11:37 | Build | Archery Range |
| 11:39 | Create | Villager (Male) |
| 11:50 | Build | Palisade Wall |
| 11:59 | Build | Palisade Wall |
| 12:03 | Build | Palisade Wall |
| 12:08 | Create | Villager (Male) |
| 12:08 | Create | Archer |
| 12:09 | Create | Archer |
| 12:15 | Create | Spearman |
| 12:16 | Create | Villager (Male) |
| 12:22 | Build | House |
| 12:27 | Create | Villager (Male) |
| 12:40 | Build | Palisade Wall |
| 12:46 | Create | Archer |
| 12:47 | Create | Archer |
| 12:54 | Build | Palisade Wall |
| 12:59 | Build | Palisade Wall |
| 13:04 | Create | Villager (Male) |
| 13:09 | Create | Archer |
| 13:18 | Build | Palisade Wall |
| 13:25 | Build | Palisade Wall |
| 13:32 | Create | Villager (Male) |
| 13:36 | Build | Market |
| 13:44 | Build | House |
| 13:46 | Build | Palisade Wall |
| 13:48 | Create | Villager (Male) |
| 13:49 | Create | Archer |
| 13:49 | Create | Archer |
| 13:56 | Build | House |
| 13:57 | Build | House |
| 14:10 | Build | Farm |
| 14:15 | Build | Farm |
| 14:22 | Research | Fletching |
| 14:34 | Build | Farm |
| 14:35 | Build | Farm |
| 14:42 | Create | Villager (Male) |
| 14:46 | Create | Archer |
| 14:52 | Build | Farm |
| 15:02 | Create | Archer |
| 15:02 | Create | Villager (Male) |
| 15:12 | Create | Archer |
| 15:13 | Create | Villager (Male) |
| 15:16 | Build | Farm |
| 15:32 | Build | Farm |
| 15:34 | Create | Archer |
| 15:36 | Create | Spearman |
| 15:43 | Build | House |
| 16:05 | Create | Villager (Male) |
| 16:05 | Create | Archer |
| 16:06 | Create | Archer |
| 16:31 | Create | Villager (Male) |
| 16:32 | Create | Archer |
| 16:33 | Create | Archer |
| 16:36 | Create | Villager (Male) |
| 16:41 | Build | Farm |
| 16:42 | Build | Farm |
| 16:55 | Build | Palisade Wall |
| 16:57 | Create | Archer |
| 17:08 | Build | Palisade Gate |
| 17:11 | Build | Palisade Gate |
| 17:20 | Build | Palisade Wall |
| 17:43 | Build | Palisade Gate |
| 17:46 | Build | Palisade Gate |
| 17:57 | Build | House |
| 18:02 | Create | Villager (Male) |
| 18:03 | Create | Archer |
| 18:03 | Create | Archer |
| 18:11 | Build | House |
| 18:18 | Create | Villager (Male) |
| 18:32 | Build | House |
| 18:39 | Build | House |
| 18:50 | Create | Archer |
| 18:50 | Create | Archer |
| 18:51 | Create | Villager (Male) |
| 18:55 | Build | Farm |
| 18:55 | Build | Farm |
| 18:55 | Build | Farm |
| 18:55 | Build | Farm |
| 18:55 | Build | Farm |
| 19:07 | Build | House |
| 19:18 | Create | Archer |
| 19:18 | Create | Archer |
| 19:19 | Create | Villager (Male) |
| 19:35 | Build | Palisade Wall |
| 19:41 | Build | House |
| 19:54 | Create | Villager (Male) |
| 19:54 | Create | Villager (Male) |
| 19:55 | Create | Archer |
| 19:55 | Create | Archer |
| 20:11 | Create | Villager (Male) |
| 20:13 | Create | Archer |
| 20:15 | Build | Farm |
| 20:18 | Build | Farm |
| 20:46 | Create | Villager (Male) |
| 20:46 | Create | Villager (Male) |
Build order — Terörle Mücadele
First 150 of 160 actions detected
| 0:01 | Create | Villager (Male) |
| 0:01 | Create | Villager (Male) |
| 0:01 | Create | Villager (Male) |
| 0:02 | Build | House |
| 0:03 | Build | House |
| 0:19 | Create | Villager (Male) |
| 0:19 | Create | Villager (Male) |
| 1:24 | Create | Villager (Male) |
| 1:49 | Build | Lumber Camp |
| 2:04 | Create | Villager (Male) |
| 2:04 | Create | Villager (Male) |
| 2:15 | Create | Villager (Male) |
| 2:51 | Create | Villager (Male) |
| 2:52 | Create | Villager (Male) |
| 3:11 | Create | Villager (Male) |
| 3:11 | Create | Villager (Male) |
| 3:28 | Build | House |
| 3:31 | Build | House |
| 3:58 | Create | Villager (Male) |
| 3:59 | Create | Villager (Male) |
| 4:18 | Create | Villager (Male) |
| 4:19 | Create | Villager (Male) |
| 4:46 | Build | Palisade Gate |
| 4:51 | Create | Villager (Male) |
| 4:51 | Create | Villager (Male) |
| 4:54 | Create | Villager (Male) |
| 4:54 | Create | Villager (Male) |
| 5:04 | Create | Villager (Male) |
| 5:05 | Create | Villager (Male) |
| 5:28 | Create | Villager (Male) |
| 5:28 | Create | Villager (Male) |
| 5:42 | Build | Mill |
| 5:56 | Create | Villager (Male) |
| 6:28 | Research | Loom |
| 6:39 | Create | Villager (Male) |
| 7:24 | Research | Feudal Age |
| 8:06 | Build | Barracks |
| 8:59 | Build | House |
| 9:17 | Build | Palisade Wall |
| 9:24 | Build | Palisade Wall |
| 9:26 | Build | Palisade Wall |
| 9:31 | Create | Villager (Male) |
| 9:34 | Age | Feudal Age |
| 9:36 | Build | Stable |
| 9:54 | Research | Double-Bit Axe |
| 9:55 | Create | Villager (Male) |
| 9:58 | Create | Villager (Male) |
| 10:31 | Create | Scout Cavalry |
| 10:32 | Create | Scout Cavalry |
| 10:36 | Build | House |
| 10:38 | Build | House |
| 10:39 | Build | Palisade Wall |
| 10:44 | Create | Villager (Male) |
| 10:54 | Research | Horse Collar |
| 11:05 | Create | Scout Cavalry |
| 11:08 | Create | Villager (Male) |
| 11:13 | Create | Scout Cavalry |
| 11:18 | Build | Farm |
| 11:22 | Build | Farm |
| 11:24 | Build | Farm |
| 11:32 | Create | Villager (Male) |
| 11:46 | Build | Farm |
| 11:57 | Create | Villager (Male) |
| 11:58 | Create | Scout Cavalry |
| 12:06 | Create | Villager (Male) |
| 12:14 | Build | Mining Camp |
| 12:22 | Create | Scout Cavalry |
| 12:37 | Create | Scout Cavalry |
| 12:48 | Build | Farm |
| 12:50 | Create | Villager (Male) |
| 12:57 | Build | Farm |
| 13:02 | Build | House |
| 13:08 | Build | House |
| 13:10 | Build | House |
| 13:17 | Build | Farm |
| 13:19 | Create | Villager (Male) |
| 13:20 | Create | Scout Cavalry |
| 13:32 | Build | Farm |
| 13:36 | Create | Villager (Male) |
| 13:54 | Create | Villager (Male) |
| 13:59 | Build | Farm |
| 14:01 | Build | Farm |
| 14:08 | Build | House |
| 14:12 | Create | Scout Cavalry |
| 14:12 | Create | Villager (Male) |
| 14:24 | Create | Villager (Male) |
| 14:47 | Build | Blacksmith |
| 14:49 | Build | House |
| 14:50 | Create | Scout Cavalry |
| 14:53 | Research | Bloodlines |
| 15:23 | Build | Farm |
| 15:30 | Create | Villager (Male) |
| 15:39 | Build | Farm |
| 15:41 | Create | Villager (Male) |
| 15:49 | Research | Scale Barding Armor |
| 15:50 | Create | Villager (Male) |
| 15:52 | Build | House |
| 16:06 | Build | Farm |
| 16:15 | Build | Farm |
| 16:16 | Build | Farm |
| 16:16 | Build | Farm |
| 16:16 | Build | Farm |
| 16:20 | Create | Villager (Male) |
| 16:23 | Create | Villager (Male) |
| 16:31 | Build | House |
| 16:41 | Create | Villager (Male) |
| 16:57 | Build | Farm |
| 16:59 | Build | Farm |
| 17:03 | Build | House |
| 17:07 | Create | Villager (Male) |
| 17:23 | Build | Lumber Camp |
| 17:49 | Create | Villager (Male) |
| 17:55 | Build | House |
| 17:58 | Build | House |
| 18:03 | Create | Villager (Male) |
| 18:14 | Build | House |
| 18:16 | Build | Palisade Wall |
| 18:17 | Build | Palisade Wall |
| 18:18 | Build | Palisade Wall |
| 18:27 | Build | Farm |
| 18:28 | Build | Farm |
| 18:50 | Create | Villager (Male) |
| 18:54 | Build | Farm |
| 18:55 | Build | Farm |
| 18:59 | Create | Villager (Male) |
| 19:01 | Build | Stable |
| 19:18 | Create | Villager (Male) |
| 19:26 | Create | Villager (Male) |
| 19:36 | Build | Farm |
| 20:00 | Create | Villager (Male) |
| 20:20 | Build | Watch Tower |
| 21:19 | Research | Castle Age |
| 21:23 | Build | Stable |
| 21:26 | Create | Villager (Male) |
| 22:09 | Build | Palisade Gate |
| 22:18 | Create | Villager (Male) |
| 23:41 | Build | House |
| 23:52 | Build | House |
| 23:59 | Age | Castle Age |
| 24:03 | Research | Husbandry |
| 24:05 | Create | Knight |
| 24:05 | Create | Knight |
| 24:06 | Create | Knight |
| 24:06 | Create | Knight |
| 24:15 | Build | Stable |
| 24:31 | Create | Villager (Male) |
| 24:38 | Build | Market |
| 24:46 | Create | Villager (Male) |
| 24:51 | Create | Knight |
| 24:57 | Create | Knight |
Match timeline
| 6:59 | BigBadBearD · first_building Barracks |
| 7:20 | BoomT | Gold Thunder · first_building Barracks |
| 8:06 | Terörle Mücadele · first_building Barracks |
| 8:24 | BoomT | El KunTa ARG · first_building Barracks |
| 9:17 | Terörle Mücadele · wall_segment Palisade Wall x4 |
| 9:24 | Terörle Mücadele · wall_segment Palisade Wall x3 |
| 9:26 | Terörle Mücadele · wall_segment Palisade Wall x4 |
| 9:34 | Terörle Mücadele · age_up feudal |
| 9:36 | Terörle Mücadele · first_building Stable |
| 9:48 | BoomT | El KunTa ARG · age_up feudal |
| 9:51 | BoomT | El KunTa ARG · first_building Stable |
| 9:54 | BoomT | Gold Thunder · age_up feudal |
| 10:01 | BigBadBearD · wall_segment Palisade Wall x1 |
| 10:02 | BoomT | Gold Thunder · first_building Archery Range |
| 10:09 | BigBadBearD · wall_segment Palisade Wall x5 |
| 10:37 | BigBadBearD · age_up feudal |
| 10:39 | Terörle Mücadele · wall_segment Palisade Wall x1 |
| 10:40 | BigBadBearD · first_building Stable |
| 10:58 | BoomT | Gold Thunder · wall_segment Palisade Wall x6 |
| 11:29 | BoomT | El KunTa ARG · wall_segment Palisade Wall x9 |
| 11:31 | BoomT | El KunTa ARG · wall_segment Palisade Wall x5 |
| 11:50 | BoomT | Gold Thunder · wall_segment Palisade Wall x8 |
| 11:57 | BoomT | El KunTa ARG · wall_segment Palisade Wall x5 |
| 11:59 | BoomT | Gold Thunder · wall_segment Palisade Wall x6 |
| 12:03 | BoomT | Gold Thunder · wall_segment Palisade Wall x4 |
| 12:21 | BoomT | El KunTa ARG · wall_segment Palisade Wall x8 |
| 12:40 | BoomT | Gold Thunder · wall_segment Palisade Wall x3 |
| 12:54 | BoomT | Gold Thunder · wall_segment Palisade Wall x1 |
| 12:59 | BoomT | Gold Thunder · wall_segment Palisade Wall x4 |
| 13:18 | BoomT | Gold Thunder · wall_segment Palisade Wall x1 |
| 13:21 | BoomT | El KunTa ARG · wall_segment Palisade Wall x3 |
| 13:24 | BoomT | El KunTa ARG · wall_segment Palisade Wall x4 |
| 13:25 | BoomT | Gold Thunder · wall_segment Palisade Wall x4 |
| 13:27 | BoomT | El KunTa ARG · wall_segment Palisade Wall x11 |
| 13:46 | BoomT | Gold Thunder · wall_segment Palisade Wall x3 |
| 13:49 | BoomT | El KunTa ARG · wall_segment Palisade Wall x1 |
| 16:55 | BoomT | Gold Thunder · wall_segment Palisade Wall x2 |
| 17:20 | BoomT | Gold Thunder · wall_segment Palisade Wall x1 |
| 18:16 | Terörle Mücadele · wall_segment Palisade Wall x1 |
| 18:17 | Terörle Mücadele · wall_segment Palisade Wall x1 |
| 18:18 | Terörle Mücadele · wall_segment Palisade Wall x1 |
| 18:38 | BigBadBearD · first_market_buy 100 food |
| 18:51 | BigBadBearD · first_market_sell 100 wood |
| 19:35 | BoomT | Gold Thunder · wall_segment Palisade Wall x2 |
| 21:20 | BoomT | Gold Thunder · wall_segment Palisade Wall x1 |
| 21:44 | BoomT | Gold Thunder · first_market_sell 100 wood |
| 21:46 | BoomT | Gold Thunder · first_market_buy 100 food |
| 21:56 | BigBadBearD · age_up castle |
| 23:07 | BoomT | Gold Thunder · wall_segment Palisade Wall x1 |
| 23:59 | Terörle Mücadele · age_up castle |
| 24:07 | BoomT | El KunTa ARG · age_up castle |
| 24:56 | BoomT | Gold Thunder · age_up castle |
| 25:31 | Terörle Mücadele · first_market_buy 100 stone |
| 27:20 | Terörle Mücadele · resign |
| 28:48 | BoomT | El KunTa ARG · wall_segment Palisade Wall x1 |
| 29:10 | BigBadBearD · first_building Castle |
| 29:20 | BoomT | El KunTa ARG · first_market_buy 100 stone |
| 29:52 | BoomT | Gold Thunder · wall_segment Palisade Wall x7 |
| 31:34 | BoomT | Gold Thunder · wall_segment Palisade Wall x9 |
[ AI ANALYSIS · 1 CREDIT ]
What really happened in this match?
Wolo.gg analyzes every decision: build order, eco, micro, common mistakes by bracket. Personalized analysis on WhatsApp or Discord in 30 seconds.
Civ guide
Magyars
Map guide
Arabia
Perfil
Jugador #834985